 Dungeon Crawl Stone Soup version 0.16.2-12-gd0ad4c3 (webtiles) character file.

234 dvd the Digger (level 6, -3/42 HPs)
             Began as a Formicid Earth Elementalist on Sept 18, 2015.
             Slain by an orc
             ... wielding a +0 hand axe
              (5 damage)
             ... on level 3 of the Dungeon on Sept 19, 2015.
             The game lasted 00:24:14 (3721 turns).

dvd the Digger (Formicid Earth Elementalist)        Turns: 3721, Time: 00:24:15

Health: -3/42      AC:  3    Str: 13    XL:     6   Next: 26%
Magic:  16/26      EV: 12    Int: 16    God:
Gold:   185        SH:  0    Dex: 11    Spells: 3 memorised, 7 levels left

rFire  . . .     SeeInvis +     y - +0 halberd
rCold  . . .     Clarity  .     c - +0 robe
rNeg   . . .     SustAb   .     (no shield)
rPois  .         Gourm    .     (helmet unavailable)
rElec  .         Spirit   .     q - +0 cloak
rCorr  .         Warding  .     (no gloves)
rMut   .         Stasis   +     (no boots)
MR     +....                    (no amulet)
Stlth  ++........               p - ring of magical power
                                l - ring of protection from magic

@: lethally poisoned (-3 -> -9), somewhat resistant to hostile enchantments,
unstealthy
A: permanent stasis, dig shafts and tunnels, four strong arms, antennae 3
a: Dig, Shaft Self


You were on level 3 of the Dungeon.
You were hungry.

You visited 1 branch of the dungeon, and saw 3 of its levels.

You collected 185 gold pieces.

Inventory:

Hand weapons
 g - a +0 club
 h - a +0 dagger
 i - a +0 short sword
 n - a +0 short sword
 w - a +0 halberd
 x - a +0 spear
 y - a +0 halberd (weapon)
Missiles
 o - 17 sling bullets
Armour
 c - a +0 robe (worn)
 q - a +0 cloak (worn)
Jewellery
 l - a ring of protection from magic (left hand)
 p - a ring of magical power (right hand)
Scrolls
 b - a scroll of blinking {unknown}
 e - a scroll of recharging
 f - 4 scrolls of fear {unknown}
 j - a scroll of enchant armour {unknown}
 m - 4 scrolls of identify {unknown}
 s - a scroll of amnesia {unknown}
 u - a scroll of remove curse {unknown}
Potions
 k - a potion of ambrosia {unknown}
Books
 d - a book of Geomancy

   Spells                             Type                      Level
   a - Sandblast                      Earth                        1
   b - Stoneskin                      Transmutation/Earth          2
   c - Passwall                       Transmutation/Earth          3
   d - Stone Arrow                    Conjuration/Earth            3
   e - Petrify                        Transmutation/Earth          4
   f - Lee's Rapid Deconstruction     Earth                        5
Comestibles
 a - a bread ration
 t - a meat ration
 v - a beef jerky
 z - 4 chunks of flesh


   Skills:
 + Level 0.9 Fighting
 + Level 0.2 Short Blades
 + Level 2.5 Dodging
 + Level 2.9 Stealth
 + Level 4.1 Spellcasting
 + Level 0.1 Conjurations
 * Level 1.2 Transmutations
 + Level 5.6 Earth Magic


You had 7 spell levels left.
You knew the following spells:

 Your Spells              Type           Power        Failure   Level  Hunger
a - Sandblast             Erth           ###...       1%          1    None
b - Stoneskin             Trmt/Erth      ##......     10%         2    ##.....
c - Stone Arrow           Conj/Erth      ##....       17%         3    ###....


Dungeon Overview and Level Annotations

Branches:
Dungeon (3/15)

Altars:
Sif Muna


Innate Abilities, Weirdness & Mutations

You are under a permanent stasis effect.
You can dig through walls and to a lower floor.
Your four strong arms can wield two-handed weapons with a shield.
You have a pair of large antennae on your head (SInv).


Message History

The orc is heavily wounded.
The orc completely misses you. The adder bites you.
* * * LOW HITPOINT WARNING * * *
You are poisoned.
The adder poisons you!
Read which item? (? for menu, Esc to quit)
As you read the scroll labeled BUENALO PRISE, it crumbles to dust.
It is a scroll of recharging.
You aren't carrying any rechargeable items.
You feel sick. The orc closely misses you. The adder bites you.
* * * LOW HITPOINT WARNING * * *
The adder bites you.
* * * LOW HITPOINT WARNING * * *
You are lethally poisoned!
The adder poisons you!
Drink which item? (? for menu, Esc to quit)
It was a potion of cancellation.
You feel magically purged.
* * * LOW HITPOINT WARNING * * *
You feel sick. The adder barely misses you. The orc hits you with a hand axe.
You die...

.........(............≈?≈...#
.......................≈≈≈...#
..............................#
.o........................#<#.#
.o.........)..............###.#
o..............................#
............)..............#####
........)..†...S........).......
.............o@...........#####
..........................# #
>.........................# #
...............(.........# #
........................# #
######################## # # # #


You could see an adder and an orc.

Vanquished Creatures
  An orc wizard (D:3)
  Ijyb (D:3)
  Terence (D:3)
  3 adders
  4 gnolls (D:3)
  2 giant mites
  4 worms
  A giant gecko (D:2)
  2 orcs (D:3)
  6 bats
  8 hobgoblins
  9 jackals
  A ball python (D:2)
  A giant cockroach (D:1)
  7 giant newts
  8 goblins
  11 kobolds
  4 rats
74 creatures vanquished.

Vanquished Creatures (others)
  An adder (D:1)
  A bat (D:1)
2 creatures vanquished.

Grand Total: 76 creatures vanquished

Notes
Turn   | Place    | Note
--------------------------------------------------------------
     0 | D:1      | dvd, the Formicid Earth Elementalist, began the quest for the Orb.
     0 | D:1      | Reached XP level 1. HP: 13/13 MP: 3/3
   158 | D:1      | Reached skill level 4 in Earth Magic
   158 | D:1      | Reached XP level 2. HP: 17/19 MP: 1/5
   244 | D:1      | Learned a level 2 spell: Stoneskin
   661 | D:1      | Reached XP level 3. HP: 24/24 MP: 5/7
  1364 | D:2      | Reached XP level 4. HP: 13/30 MP: 9/9
  1638 | D:2      | Found a deep blue altar of Sif Muna.
  1764 | D:2      | Learned a level 3 spell: Stone Arrow
  1954 | D:2      | Reached skill level 5 in Earth Magic
  2149 | D:3      | Reached XP level 5. HP: 24/35 MP: 1/13
  2266 | D:3      | Noticed Ijyb
  2301 | D:3      | Killed Ijyb
  3182 | D:3      | Noticed Terence
  3239 | D:3      | Killed Terence
  3467 | D:3      | Reached XP level 6. HP: 22/42 MP: 6/16
  3721 | D:3      | HP: 2/42 [poisoned by an adder]
  3721 | D:3      | Slain by an orc

Action                   |  1- 3 |  4- 6 || total
-------------------------+-------+-------++-------
Melee: Unarmed           |     1 |     2 ||     3
       Club              |    10 |       ||    10
       Short sword       |       |    68 ||    68
       Halberd           |       |    14 ||    14
 Cast: Sandblast         |    43 |   118 ||   161
       Stoneskin         |     2 |    18 ||    20
       Stone Arrow       |       |    12 ||    12
 Abil: Dig               |     2 |       ||     2
  Use: Scroll            |       |     1 ||     1
       Potion            |       |     1 ||     1
 Stab: Sleeping          |     1 |     2 ||     3
  Eat: Chunk             |     3 |     9 ||    12
